[ AOE2 MATCH · #505755603 ]
UnrankedVikings vs Saracens
Player's team · WIN
Rival team · LOSS
[ REPLAY ANALYSIS · EXTRACTED FROM THE RECORDED GAME ]
Feudal
10:06
Castle
21:36
Imperial
33:08
| APM avg | 30.0 |
| APM peak | 78 |
| eAPM avg | 18.5 |
| Villagers / military | 104 / 78 |
Focus
⚔️ 35.6% · 🌾 64.4%
Archer ×36 · Skirmisher ×34 · Mangonel ×4 · Trebuchet (Packed) ×2 · Monk ×1 · Spearman ×1
Feudal
10:21
Castle
22:57
Imperial
—
| APM avg | 31.4 |
| APM peak | 79 |
| eAPM avg | 14.1 |
| Villagers / military | 89 / 96 |
Focus
⚔️ 36.7% · 🌾 63.3%
Archer ×78 · Mangonel ×6 · Skirmisher ×5 · Knight ×3 · Militia ×3 · Monk ×1
Match map
Initial resources + every placement click. Lines = walls · curves = elevation contours. ◆ gold · ⬟ stone · ● berries · ✦ relic · ◌ wall gap
Your base· Open — 6t gap
Eljardinero4's base· ✓ Closed at 22:57 · 57t walls · 1 gate(s)
Smoothed initial terrain · ◌ = detected wall gap · hover for details
Inputs per minute
— pabloic16 - - Eljardinero4
Build order — pabloic16
First 150 of 317 actions detected
| 0:01 | Queue | Villager (Male) |
| 0:01 | Queue | Villager (Male) |
| 0:01 | Queue | Villager (Male) |
| 0:02 | Build | House |
| 0:03 | Build | House |
| 0:32 | Queue | Villager (Male) |
| 0:33 | Queue | Villager (Male) |
| 1:24 | Queue | Villager (Male) |
| 1:25 | Queue | Villager (Male) |
| 1:25 | Queue | Villager (Male) |
| 1:43 | Queue | Villager (Male) |
| 1:43 | Queue | Villager (Male) |
| 1:53 | Build | Lumber Camp |
| 2:10 | Queue | Villager (Male) |
| 2:10 | Queue | Villager (Male) |
| 2:34 | Queue | Villager (Male) |
| 3:05 | Queue | Villager (Male) |
| 3:05 | Queue | Villager (Male) |
| 3:06 | Queue | Villager (Male) |
| 3:29 | Queue | Villager (Male) |
| 3:29 | Queue | Villager (Male) |
| 3:48 | Build | House |
| 4:05 | Queue | Villager (Male) |
| 4:05 | Queue | Villager (Male) |
| 4:14 | Build | Mill |
| 4:29 | Queue | Villager (Male) |
| 4:29 | Queue | Villager (Male) |
| 4:29 | Queue | Villager (Male) |
| 4:48 | Queue | Villager (Male) |
| 4:48 | Queue | Villager (Male) |
| 4:48 | Queue | Villager (Male) |
| 5:09 | Queue | Villager (Male) |
| 5:09 | Queue | Villager (Male) |
| 5:37 | Queue | Villager (Male) |
| 5:37 | Queue | Villager (Male) |
| 5:42 | Queue | Villager (Male) |
| 5:43 | Queue | Villager (Male) |
| 5:55 | Build | House |
| 6:04 | Queue | Villager (Male) |
| 6:05 | Queue | Villager (Male) |
| 6:05 | Queue | Villager (Male) |
| 6:05 | Queue | Villager (Male) |
| 6:23 | Queue | Villager (Male) |
| 6:36 | Research | Loom |
| 7:49 | Build | Palisade Wall |
| 7:50 | Build | House |
| 7:55 | Build | Palisade Wall |
| 7:56 | Research | Feudal Age |
| 8:02 | Build | Barracks |
| 8:33 | Build | Mining Camp |
| 9:05 | Queue | Villager (Male) |
| 9:06 | Queue | Villager (Male) |
| 9:56 | Build | House |
| 10:06 | Age | Feudal Age |
| 10:08 | Build | Archery Range |
| 10:12 | Research | Double-Bit Axe |
| 10:15 | Research | Town Watch |
| 10:15 | Queue | Villager (Male) |
| 10:21 | Build | Palisade Wall |
| 10:23 | Queue | Villager (Male) |
| 10:37 | Build | House |
| 10:44 | Queue | Villager (Male) |
| 10:50 | Build | House |
| 10:52 | Build | House |
| 10:55 | Queue | Archer |
| 10:55 | Queue | Archer |
| 10:55 | Queue | Archer |
| 11:08 | Queue | Villager (Male) |
| 11:26 | Build | Palisade Wall |
| 11:37 | Build | Blacksmith |
| 11:39 | Queue | Villager (Male) |
| 11:50 | Build | Lumber Camp |
| 12:03 | Queue | Villager (Male) |
| 12:07 | Queue | Archer |
| 12:09 | Queue | Spearman |
| 12:23 | Build | House |
| 12:31 | Build | Farm |
| 12:32 | Build | Farm |
| 12:47 | Build | Farm |
| 12:55 | Queue | Villager (Male) |
| 12:57 | Build | Farm |
| 13:04 | Build | House |
| 13:09 | Build | House |
| 13:13 | Build | Palisade Wall |
| 13:19 | Queue | Villager (Male) |
| 13:37 | Queue | Villager (Male) |
| 13:41 | Build | Farm |
| 13:41 | Build | Farm |
| 13:41 | Build | Farm |
| 13:41 | Build | Farm |
| 13:48 | Queue | Villager (Male) |
| 13:55 | Build | Farm |
| 14:15 | Build | Farm |
| 14:18 | Build | Farm |
| 14:19 | Build | Farm |
| 14:31 | Research | Fletching |
| 14:37 | Build | House |
| 14:42 | Build | Farm |
| 14:46 | Build | Farm |
| 15:07 | Queue | Archer |
| 15:07 | Queue | Archer |
| 15:35 | Queue | Villager (Male) |
| 15:35 | Queue | Villager (Male) |
| 15:35 | Queue | Villager (Male) |
| 15:44 | Queue | Archer |
| 15:44 | Queue | Archer |
| 15:50 | Research | Horse Collar |
| 15:57 | Build | Farm |
| 15:58 | Build | Farm |
| 16:03 | Queue | Archer |
| 16:03 | Queue | Archer |
| 16:09 | Build | Farm |
| 16:29 | Build | Farm |
| 16:49 | Queue | Villager (Male) |
| 16:56 | Build | Farm |
| 17:12 | Build | Archery Range |
| 17:16 | Queue | Villager (Male) |
| 17:16 | Queue | Villager (Male) |
| 17:17 | Queue | Villager (Male) |
| 17:19 | Build | Farm |
| 17:49 | Build | House |
| 17:56 | Build | Farm |
| 18:05 | Queue | Villager (Male) |
| 18:09 | Build | Farm |
| 18:37 | Build | Farm |
| 18:42 | Build | Farm |
| 18:44 | Build | Farm |
| 18:54 | Research | Castle Age |
| 19:00 | Queue | Archer |
| 19:01 | Queue | Archer |
| 19:09 | Build | Farm |
| 19:17 | Research | Padded Archer Armor |
| 19:29 | Build | House |
| 19:37 | Research | Gold Mining |
| 20:23 | Build | Market |
| 20:31 | Queue | Villager (Male) |
| 20:31 | Queue | Villager (Male) |
| 21:22 | Queue | Villager (Male) |
| 21:32 | Build | House |
| 21:36 | Age | Castle Age |
| 21:37 | Research | Bow Saw |
| 21:37 | Research | Bow Saw |
| 21:39 | Research | Crossbowman (upgrade) |
| 21:41 | Research | Bodkin Arrow |
| 21:52 | Queue | Villager (Male) |
| 22:29 | Queue | Villager (Male) |
| 22:29 | Queue | Villager (Male) |
| 22:33 | Build | Town Center |
| 22:47 | Research | Leather Archer Armor |
| 22:49 | Queue | Villager (Male) |
Build order — Eljardinero4
First 150 of 273 actions detected
| 0:01 | Queue | Villager (Male) ×4 |
| 0:04 | Build | House |
| 0:06 | Build | House |
| 1:24 | Queue | Villager (Male) |
| 2:06 | Queue | Villager (Male) |
| 2:23 | Queue | Villager (Male) |
| 2:32 | Build | Lumber Camp |
| 3:04 | Queue | Villager (Male) |
| 3:04 | Queue | Villager (Male) |
| 3:17 | Queue | Villager (Male) |
| 3:52 | Queue | Villager (Male) |
| 4:08 | Build | House |
| 4:12 | Queue | Villager (Male) |
| 4:32 | Build | Mill |
| 4:36 | Build | House |
| 4:43 | Queue | Villager (Male) |
| 4:58 | Queue | Villager (Male) |
| 5:22 | Queue | Villager (Male) |
| 6:03 | Queue | Villager (Male) |
| 6:10 | Queue | Villager (Male) |
| 6:18 | Build | Barracks |
| 6:49 | Queue | Villager (Male) |
| 6:50 | Queue | Villager (Male) |
| 6:50 | Research | Loom |
| 7:46 | Build | Mining Camp |
| 8:11 | Research | Feudal Age |
| 8:25 | Queue | Militia |
| 8:46 | Queue | Militia |
| 9:24 | Queue | Militia |
| 9:42 | Build | House |
| 9:59 | Queue | Villager (Male) |
| 10:13 | Build | Farm |
| 10:20 | Build | Farm |
| 10:21 | Age | Feudal Age |
| 10:27 | Research | Man-at-Arms (upgrade) |
| 10:37 | Build | Farm |
| 10:41 | Build | Farm |
| 10:48 | Build | Archery Range |
| 10:50 | Build | House |
| 10:52 | Queue | Villager (Male) |
| 10:52 | Queue | Villager (Male) |
| 11:28 | Build | Farm |
| 11:35 | Queue | Villager (Male) |
| 11:55 | Queue | Villager (Male) |
| 12:28 | Queue | Villager (Male) |
| 12:30 | Research | Double-Bit Axe |
| 12:35 | Build | House |
| 12:36 | Queue | Archer |
| 12:36 | Queue | Archer |
| 12:59 | Queue | Villager (Male) |
| 12:59 | Queue | Villager (Male) |
| 13:03 | Queue | Archer |
| 13:08 | Build | Farm |
| 13:10 | Build | Farm |
| 13:13 | Build | Farm |
| 13:20 | Build | House |
| 13:59 | Queue | Villager (Male) |
| 13:59 | Queue | Villager (Male) |
| 14:01 | Queue | Archer |
| 14:01 | Queue | Archer |
| 14:12 | Build | Blacksmith |
| 14:15 | Queue | Villager (Male) |
| 14:42 | Build | Palisade Wall |
| 14:43 | Queue | Villager (Male) |
| 14:47 | Research | Horse Collar |
| 14:52 | Queue | Archer |
| 15:01 | Build | Archery Range |
| 15:12 | Build | Palisade Wall |
| 15:14 | Research | Fletching |
| 15:15 | Queue | Archer |
| 15:24 | Queue | Villager (Male) |
| 15:48 | Queue | Villager (Male) |
| 15:51 | Build | Farm |
| 15:55 | Build | Farm |
| 15:57 | Build | Farm |
| 16:07 | Build | Palisade Wall |
| 16:17 | Build | House |
| 16:19 | Queue | Villager (Male) |
| 16:25 | Build | Farm |
| 16:28 | Queue | Archer |
| 16:29 | Queue | Archer |
| 17:01 | Queue | Villager (Male) |
| 17:09 | Build | House |
| 17:11 | Build | House |
| 17:13 | Queue | Villager (Male) |
| 17:19 | Build | Market |
| 17:22 | Queue | Archer |
| 17:22 | Queue | Archer |
| 17:35 | Build | House |
| 17:43 | Build | House |
| 17:45 | Queue | Villager (Male) |
| 17:51 | Build | House |
| 17:54 | Queue | Archer |
| 18:36 | Queue | Villager (Male) |
| 18:37 | Queue | Villager (Male) |
| 18:48 | Build | House |
| 18:58 | Build | Lumber Camp |
| 19:09 | Build | Palisade Wall |
| 19:10 | Queue | Villager (Male) |
| 19:15 | Build | Farm |
| 19:20 | Build | Farm |
| 19:23 | Build | Farm |
| 19:25 | Queue | Villager (Male) |
| 19:30 | Build | House |
| 19:52 | Build | Farm |
| 19:59 | Build | Farm |
| 20:03 | Build | House |
| 20:12 | Research | Castle Age |
| 20:31 | Queue | Archer |
| 20:31 | Queue | Archer |
| 20:37 | Research | Padded Archer Armor |
| 20:51 | Build | Palisade Gate |
| 21:07 | Build | House |
| 21:31 | Queue | Villager (Male) |
| 21:40 | Queue | Archer |
| 21:40 | Queue | Archer |
| 21:44 | Queue | Archer |
| 21:58 | Build | House |
| 22:08 | Build | House |
| 22:12 | Build | House |
| 22:17 | Queue | Villager (Male) |
| 22:21 | Queue | Archer |
| 22:22 | Queue | Archer |
| 22:56 | Queue | Archer |
| 22:57 | Age | Castle Age |
| 23:11 | Research | Bodkin Arrow |
| 23:20 | Research | Crossbowman (upgrade) |
| 23:22 | Queue | Villager (Male) |
| 23:23 | Queue | Villager (Male) |
| 23:26 | Queue | Archer |
| 23:26 | Queue | Archer |
| 23:38 | Queue | Archer |
| 23:38 | Queue | Archer |
| 23:48 | Build | Palisade Wall |
| 24:01 | Queue | Archer |
| 24:02 | Queue | Archer |
| 24:13 | Queue | Archer |
| 24:13 | Queue | Archer |
| 24:29 | Build | Palisade Gate |
| 24:47 | Queue | Archer |
| 24:47 | Queue | Archer |
| 24:48 | Queue | Villager (Male) |
| 24:49 | Queue | Villager (Male) |
| 24:49 | Queue | Villager (Male) |
| 24:49 | Queue | Villager (Male) |
| 25:00 | Build | Town Center |
| 25:11 | Queue | Archer |
| 25:11 | Queue | Archer |
| 25:16 | Queue | Archer |
| 25:28 | Build | House |
Match timeline
| 6:18 | Eljardinero4 · first_building Barracks |
| 7:49 | pabloic16 · wall_segment Palisade Wall x4 |
| 7:55 | pabloic16 · wall_segment Palisade Wall x8 |
| 8:02 | pabloic16 · first_building Barracks |
| 10:06 | pabloic16 · age_up feudal |
| 10:08 | pabloic16 · first_building Archery Range |
| 10:21 | pabloic16 · wall_segment Palisade Wall x4 |
| 10:21 | Eljardinero4 · age_up feudal |
| 10:48 | Eljardinero4 · first_building Archery Range |
| 11:26 | pabloic16 · wall_segment Palisade Wall x1 |
| 13:13 | pabloic16 · wall_segment Palisade Wall x1 |
| 14:42 | Eljardinero4 · wall_segment Palisade Wall x18 |
| 15:12 | Eljardinero4 · wall_segment Palisade Wall x10 |
| 16:07 | Eljardinero4 · wall_segment Palisade Wall x17 |
| 19:09 | Eljardinero4 · wall_segment Palisade Wall x12 |
| 21:36 | pabloic16 · age_up castle |
| 22:57 | Eljardinero4 · age_up castle |
| 23:19 | Eljardinero4 · first_market_sell 100 food |
| 23:48 | Eljardinero4 · wall_segment Palisade Wall x1 |
| 24:14 | pabloic16 · first_building Siege Workshop |
| 27:07 | Eljardinero4 · first_building Siege Workshop |
| 28:13 | pabloic16 · first_market_buy 100 stone |
| 28:31 | pabloic16 · wall_segment Palisade Wall x12 |
| 28:35 | pabloic16 · wall_segment Palisade Wall x7 |
| 29:15 | Eljardinero4 · first_building Monastery |
| 30:13 | Eljardinero4 · first_building Stable |
| 32:54 | pabloic16 · first_building Castle |
| 33:08 | pabloic16 · age_up imperial |
| 34:48 | Eljardinero4 · first_building Castle |
| 34:57 | pabloic16 · first_building Monastery |
| 35:54 | pabloic16 · first_market_sell 100 food |
| 39:05 | Eljardinero4 · resign |
[ AI ANALYSIS · 1 CREDIT ]
What really happened in this match?
Wolo.gg analyzes every decision: build order, eco, micro, common mistakes by bracket. Personalized analysis on WhatsApp or Discord in 30 seconds.
Civ guide
Vikings
Perfil
Jugador #2181986